 Dungeon Crawl Stone Soup version 0.28.0-53-g5a82cb258f (webtiles) character file.

Game seed: 4581495006955465932

7 jamesblauser the Skirmisher (level 2, 0/19 HPs)
             Began as a Gargoyle Berserker on Nov 5, 2022.
             Was a Follower of Trog.
             Slain by a giant cockroach (2 damage)
             ... on level 1 of the Dungeon.
             The game lasted 00:01:28 (213 turns).

jamesblauser the Skirmisher (Gargoyle Berserker)     Turns: 213, Time: 00:01:28

Health: 0/19       AC:  5    Str: 20    XL:     2   Next: 4%
Magic:  2/2        EV: 11    Int:  7    God:    Trog [*.....]
Gold:   13         SH:  0    Dex:  9    Spells: 1/1 levels left

rFire   . . .      SeeInvis .   a - +0 mace
rCold   . . .      Faith    .   (no shield)
rNeg    + . .      Spirit   .   b - +0 animal skin
rPois   ∞          Reflect  .   (no helmet)
rElec   +          Harm     .   (no cloak)
rCorr   .          Rampage  .   (no gloves)
Will    .....                   (no boots)
Stlth   +.........              (no amulet)
HPRegen 0.06/turn               (no ring)
MPRegen 0.08/turn               (no ring)

@: no status effects
A: sickness immunity, AC +2, negative energy resistance 1, electricity
resistance, torment resistance 1, petrification resistance
a: Renounce Religion, Berserk


You were on level 1 of the Dungeon.
You worshipped Trog.
Trog was aware of your devotion.
You visited 1 branch of the dungeon, and saw 1 of its levels.

You collected 13 gold pieces.

Inventory:

Hand Weapons
 a - a +0 mace (weapon)
Armour
 b - a +0 animal skin (worn)


   Skills:
 + Level 3.5 Fighting
 + Level 3.2 Maces & Flails
 + Level 2.3 Armour
 + Level 1.6 Dodging


You had one spell level left.
You didn't know any spells.
Your spell library was empty.

Dungeon Overview and Level Annotations

Branches:
Dungeon (1/15)

Altars:


Innate Abilities, Weirdness & Mutations

You are immune to sickness and miasma.
Your stone body is resilient. (AC +2)
You are immune to poison.
You resist negative energy. (rN+)
You are resistant to electric shocks. (rElec)
You are resistant to unholy torment.
You are immune to petrification.


Message History

The bat hits you but does no damage. The giant cockroach bites you.
* * * LOW HITPOINT WARNING * * *
The bat closely misses you.
The giant cockroach bites you but does no damage.
The giant cockroach misses you. The bat hits you but does no damage.
The bat closely misses you. The giant cockroach barely misses you.
The bat hits you.
* * * LOW HITPOINT WARNING * * *
The bat hits you.
* * * LOW HITPOINT WARNING * * *
The giant cockroach misses you. The bat hits you but does no damage.
The giant cockroach closely misses you. The bat closely misses you.
The giant cockroach completely misses you.
The bat closely misses you.
The giant cockroach bites you but does no damage. x2
The bat hits you.
* * * LOW HITPOINT WARNING * * *
The giant cockroach barely misses you. The bat hits you but does no damage.
The giant cockroach bites you but does no damage.
The bat barely misses you.
The giant cockroach bites you but does no damage.
You closely miss the bat. The bat closely misses you.
The giant cockroach closely misses you. The giant cockroach barely misses you.
The bat barely misses you.
The giant cockroach bites you but does no damage.
The bat hits you but does no damage. The giant cockroach closely misses you.
The bat barely misses you.
The giant cockroach bites you but does no damage.
The giant cockroach closely misses you.
The giant cockroach bites you but does no damage.
The giant cockroach closely misses you.
The giant cockroach bites you but does no damage.
The bat barely misses you. The giant cockroach misses you.
The bat hits you but does no damage. The giant cockroach barely misses you.
The bat hits you but does no damage. The giant cockroach misses you.
The bat hits you but does no damage. The giant cockroach closely misses you.
The giant cockroach bites you.
You die...

#...# #...# ##
...####..# +####
........#
......#....# ###
......#..# ....
.........####..##
#####.#.B........
#.#@......... #
##b........
#.........
##......##
#.###......##
#...........# ...
#####....#...#
... #....#....##
... ####
###....##.# ..
..#


You could see a giant cockroach and a bat.

Vanquished Creatures
  A bat (D:1)
  An endoplasm (D:1)
  A goblin (D:1)
  A quokka (D:1)
  A kobold (D:1)
  2 rats (D:1)
7 creatures vanquished.

Notes
Turn   | Place    | Note
-------+----------+-------------------------------------------
     0 | D:1      | jamesblauser the Gargoyle Berserker began the quest for the
                  | Orb.
     0 | D:1      | Reached XP level 1. HP: 14/14 MP: 1/1
   181 | D:1      | Reached XP level 2. HP: 6/19 MP: 2/2
   213 | D:1      | Slain by a giant cockroach

Illustrated notes

Levels and vault maps discovered:
D:1:      dpeg_arrival_rooms_a, layout_rooms,
          hellmonk_ecumenical_altar_inner_sanctum, serial_shops,
          nicolae_diamond_shop, chequers_serial_rivers_micro_d,
          minmay_misc_feat_alley, st_stairs_14

Action                   || total
-------------------------++-------
Melee: Mace              ||    26
Invok: Berserk           ||     1
  Use: Scroll            ||     1
Armor: Animal skin       ||    42
Dodge: Dodged            ||    60
